Match 38204590
Unlisted

Match 38204590
End
Kettenkrad Recon Vehicle
Construct Infanterie Kompanie
Grenadier Squad
MG 42 Machine Gun Team
Grenadier Squad
Construct Panzergrenadier Kompanie
Panzergrenadier Squad
Support Elements
Selects Mechanized Battlegroup
Selects Raid Package
GrW 34 Mortar Team
StuG III G Assault Gun
Nebelwerfer 42 Rocket Launcher Team
Selects 8 Rad Armored Car
Selects UNKNOWN (2160084)
Construct Panzer Kompanie
MG 42 Machine Gun Team
Selects Spotting Scopes
Medical Station
Pak 40 Anti-tank Gun Team
Pioneer Squad
Panzer IV Medium Tank
Selects Wespe Self-propelled Artillery
Pak 40 Anti-tank Gun Team
Selects Zeroing Artillery Barrage
Panther Heavy Tank
Panzergrenadier Squad
Pioneer Squad
Pioneer Squad
Panther Heavy Tank
MG 42 Machine Gun Team
Panzergrenadier Squad
Pioneer Squad
Crafty776
HaRdy
Bruistablet
P4iNTitBL4Ck
0
0

Comments sign in to comment!

No comments posted yet!